 Dungeon Crawl Stone Soup version 0.27-a0-1060-gcb85b5eba1 (webtiles) character file.

Game seed: 10857717470845740661

171 tsouns the Grave Robber (level 5, -13/35 HPs)
             Began as a Demonspawn Necromancer on Apr 21, 2021.
             Was a Believer of Dithmenos.
             Mangled by an ogre
             ... wielding a +0 giant club
              (20 damage)
             ... on level 4 of the Dungeon.
             The game lasted 00:09:43 (4323 turns).

tsouns the Grave Robber (Demonspawn Necromancer)    Turns: 4323, Time: 00:09:44

Health: -13/35     AC:  4    Str:  8    XL:     5   Next: 26%
Magic:  2/10       EV: 12    Int: 17    God:    Dithmenos [**....]
Gold:   111        SH:  0    Dex: 14    Spells: 6/11 levels left

rFire    . . .     SeeInvis .   j - +1 great sword (vorpal)
rCold    . . .     Faith    .   (shield currently unavailable)
rNeg     . . .     Spirit   .   a - +0 robe
rPois    .         Reflect  .   (helmet restricted)
rElec    .         Harm     .   f - +0 cloak
rCorr    .         Rampage  .   m - +0 pair of gloves
Will     .....                  (no boots)
Stlth    ++........             o - amulet of the acrobat
HPRegen  0.11/turn              (no ring)
MPRegen  0.12/turn              (no ring)

@: very slightly contaminated, wreathed by umbra
A: antennae 1
a: Renounce Religion, Shadow Step


You were on level 4 of the Dungeon.
You worshipped Dithmenos.
Dithmenos was pleased with you.
You visited 1 branch of the dungeon, and saw 6 of its levels.

You collected 181 gold pieces.
You spent 70 gold pieces at shops.

Inventory:

Hand Weapons
 b - a +1 vorpal falchion
 e - a +0 spectral spear
 j - a +1 vorpal great sword (weapon)
 l - a +0 short sword of protection
Armour
 a - a +0 robe (worn)
 f - a +0 cloak (worn)
 m - a +0 pair of gloves (worn)
Jewellery
 o - an amulet of the acrobat (around neck)
Scrolls
 i - a scroll of amnesia
Potions
 c - 3 potions of curing
 d - a potion of mutation
 k - a potion of heal wounds
 p - a potion of lignification


   Skills:
 - Level 1.7 Dodging
 - Level 1.7 Stealth
 + Level 3.9 Spellcasting
 + Level 6.0 Necromancy


You had 6 spell levels left.
You knew the following spells:

 Your Spells              Type           Power      Damage    Failure   Level
a - Pain                  Necr           92%        1d8       1%          1
b - Animate Skeleton      Necr           46%        N/A       1%          1
c - Vampiric Draining     Necr           11%        2d7       4%          3

Your spell library contained the following spells:

 Spells                   Type           Power      Damage    Failure   Level
 Animate Dead             Necr           11%        N/A       14%         4
 Foxfire                  Conj/Fire      12%        2x1d4     16%         1
 Shock                    Conj/Air       12%        1d3       16%         1
 Agony                    Necr           23%        N/A       36%         5
 Confusing Touch          Hex            3%         N/A       43%         3
 Dazzling Flash           Conj/Hex       6%         N/A       43%         3
 Gell's Gravitas          Tloc           1%         N/A       43%         3
 Petrify                  Tmut/Erth      3%         N/A       85%         4
 Fireball                 Conj/Fire      1%         3d3       99%         5
 Metabolic Englaciation   Hex/Ice        1%         N/A       99%         5
 Yara's Violent Unravell  Hex/Tmut       1%         3d3       99%         5
 Statue Form              Tmut/Erth      2%         N/A       100%        6


Dungeon Overview and Level Annotations

Branches:
Dungeon (6/15)             Temple (0/1) D:5

Altars:
Dithmenos
Trog
Vehumet

Shops:
D:1 *

Annotations:
D:6 2 transporters, Lenkkari's ghost, novice DEFE


Innate Abilities, Weirdness & Mutations

You have a pair of small antennae on your head.


Message History

The ogre shouts!
The ogre writhes in agony!
Casting: Pain (safe; 1% risk of failure)
Confirm with . or Enter, or press ? or * to list all spells.
Aiming: Pain (safe; 1% risk of failure)
Press: ? - help, Shift-Dir - straight line, f/p - ogre
Aim: an ogre, wielding a +0 giant club (moderately wounded, chance to affect: 83%)
The ogre writhes in agony.
Casting: Pain (safe; 1% risk of failure)
Confirm with . or Enter, or press ? or * to list all spells.
Aiming: Pain (safe; 1% risk of failure)
Press: ? - help, Shift-Dir - straight line, f/p - ogre
Aim: an ogre, wielding a +0 giant club (heavily wounded, chance to affect: 83%)
The ogre barely resists.
Casting: Pain (safe; 1% risk of failure)
Confirm with . or Enter, or press ? or * to list all spells.
Aiming: Pain (safe; 1% risk of failure)
Press: ? - help, Shift-Dir - straight line, f/p - ogre
Aim: an ogre, wielding a +0 giant club (heavily wounded, umbra, chance to affect: 83%)
The ogre writhes in agony!
Casting: Pain (safe; 1% risk of failure)
Confirm with . or Enter, or press ? or * to list all spells.
Aiming: Pain (safe; 1% risk of failure)
Press: ? - help, Shift-Dir - straight line, f/p - ogre
Aim: an ogre, wielding a +0 giant club (severely wounded, umbra, chance to affect: 83%)
The ogre writhes in agony.
The ogre hits you with a +0 giant club!!
Ouch! That really hurt!
* * * LOW HITPOINT WARNING * * *
Casting: Pain (safe; 1% risk of failure)
Confirm with . or Enter, or press ? or * to list all spells.
Aiming: Vampiric Draining (dangerous; 4% risk of failure)
Press: ? - help, Shift-Dir - straight line, f/p - ogre
Aim: an ogre, wielding a +0 giant club (severely wounded, ally target, umbra)
You miscast Vampiric Draining.
You are very lightly contaminated with residual magic.
Nothing appears to happen.
The ogre hits you with a +0 giant club!!
Ouch! That really hurt!
You die...

<## ########## #.#
.## #### ## ... ####
### ..# ...# ..# ..#
...# #.# ..# ...####
#.#####O.# .......
#.#>.Z@r.#
###########.#.###.##
# #.......# .#
########.......# .#
....)..........# .#
########..........#
#.......####
#.......# #.......#


You could see an ogre (ally target), a quokka and a friendly orc skeleton.

Vanquished Creatures
  A hound (D:3)
  An iguana (D:4)
  2 adders
  2 worms (D:2)
  2 dart slugs
  9 orcs
  4 ball pythons
  9 endoplasms
  7 giant cockroaches
  5 goblins
  5 hobgoblins
  8 jackals
  2 frilled lizards (D:1)
  8 kobolds
  6 rats
71 creatures vanquished.

Vanquished Creatures (others)
  A plant (D:2)
  10 toadstools (D:4)
  4 withered plants (D:2)
15 creatures vanquished.

Grand Total: 86 creatures vanquished

Notes
Turn   | Place    | Note
-------+----------+-------------------------------------------
     0 | D:1      | tsouns the Demonspawn Necromancer began the quest for the
                  | Orb.
     0 | D:1      | Reached XP level 1. HP: 13/13 MP: 3/3
     2 | D:1      | Learned a level 1 spell: Animate Skeleton
   206 | D:1      | Found Decij's General Store.
   581 | D:1      | Gained mutation: You have a pair of small antennae on your
                  | head. [demonic ancestry]
   581 | D:1      | Reached XP level 2. HP: 19/19 MP: 5/5
  1145 | D:1      | Bought a potion of curing for 42 gold pieces
  1145 | D:1      | Bought a scroll of identify for 28 gold pieces
  1594 | D:2      | Reached XP level 3. HP: 19/24 MP: 7/7
  1604 | D:2      | Reached skill level 5 in Necromancy
  1608 | D:2      | Learned a level 3 spell: Vampiric Draining
  1748 | D:2      | Upgraded the game from 0.27-a0-1049-g450f9b2e0d to
                  | 0.27-a0-1060-gcb85b5eba1
  1952 | D:2      | Found a bloodstained altar of Trog.
  2083 | D:2      | Found a faded altar of an unknown god.
  2107 | D:2      | Became a worshipper of Dithmenos the Shadowed
  2107 | D:2      | Reached * piety under Dithmenos
  2800 | D:3      | Reached XP level 4. HP: 12/30 MP: 1/8
  3219 | D:3      | You fall into a shaft and drop 3 floors!
  3222 | D:6      | Found a transporter.
  3227 | D:6      | Noticed Lenkkari's ghost (novice DEFE)
  3228 | D:6      | Found a transporter.
  3228 | D:6      | Noticed a necrophage
  3230 | D:6      | Noticed a vampire
  3264 | D:6      | Identified a scroll of acquirement
  3264 | D:6      | Acquired the Collected Works on Unstable Damage Dealing
  3274 | D:6      | Noticed a black bear
  3283 | D:5      | Entered Level 5 of the Dungeon
  3291 | D:5      | Found a staircase to the Ecumenical Temple.
  3676 | D:4      | Reached XP level 5. HP: 30/35 MP: 0/10
  3993 | D:3      | Found a radiant altar of Vehumet.
  4004 | D:3      | Reached ** piety under Dithmenos
  4277 | D:4      | Reached skill level 6 in Necromancy
  4317 | D:4      | Noticed an ogre
  4323 | D:4      | Mangled by an ogre

Illustrated notes

Levels and vault maps discovered:
D:1:      scummos_arrival_forest, layout_loops_cross, serial_shops,
          nicolae_shop_crystal
D:2:      layout_basic, basic_altar, shapermc_ecumenical_altar_flowoftime
D:3:      layout_rooms, lemuel_coloured_pillars_altar
D:4:      cheibrodos_fertilizer, layout_loops_ring,
          ashenzari_conservatory_becter, lemuel_tele_altar,
          uniq_crazy_yiuf_cottage, uniq_pikel
D:5:      layout_rooms, kennysheep_little_box, minmay_temple_entry_mist,
          serial_undead, serial_undead_b, serial_undead_e, serial_undead_b,
          serial_undead_b, serial_undead_e
D:6:      layout_cave_pods, gammafunk_ghost_mausoleum

Skill      XL: |  1  2  3  4  5 |
---------------+----------------+-----
Necromancy     | 5 6 |  6.0
Spellcasting   | 3 |  3.9
Dodging        | |  1.7
Stealth        | |  1.7

Action                   |  1- 3 |  4- 6 || total
-------------------------+-------+-------++-------
Melee: Spear             |    64 |       ||    64
       Unarmed           |     2 |       ||     2
       Great sword       |    41 |    62 ||   103
 Cast: Pain              |    41 |    11 ||    52
       Animate Skeleton  |     1 |     1 ||     2
       Vampiric Draining |     2 |    12 ||    14
  Use: Scroll            |     1 |     9 ||    10
       Potion            |       |     2 ||     2
 Stab: Sleeping          |     5 |     3 ||     8
       Distracted        |     1 |       ||     1
Armor: Robe              |    14 |    23 ||    37
Dodge: Dodged            |    71 |    81 ||   152
       Rpst.: Great sword |    14 |    24 ||    38

Table legend: (Time is in decaauts)
 A = Elapsed time spent in this place.
 B = Non-inter-level travel time spent in this place.
 C = Inter-level travel time spent in this place.
 D = Time resting spent in this place.
 E = Time spent auto-exploring this place.
 F = Levels seen in this place.
 G = Mean time per level.
                   A        B        C        D        E       F      G
               +--------+--------+--------+--------+--------+-----+--------+
         Total |   4387 |   4304 |     83 |      0 |   3526 |   6 |  731.2 |
       Dungeon |   4387 |   4304 |     83 |      0 |   3526 |   6 |  731.2 |
               +--------+--------+--------+--------+--------+-----+--------+

Top non-repeatable levels by time:
     D:1: 1365 daAuts
     D:2: 1143 daAuts
     D:3: 1087 daAuts
     D:4: 718 daAuts
     D:6: 63 daAuts
     D:5: 9 daAuts
